 Dungeon Sprint DCSS version 0.21.0-24-g2553a33 (webtiles) character file.

1397 letownia2 the Grappler (level 8, -3/75 HPs)
             Began as a Troll Wizard on Jan 21, 2018.
             Was an Initiate of Gozag.
             Slain by an eidolon (14 damage)
             ... in the Dungeon (Sprint VII: "The Pits").
             The game lasted 00:05:22 (617 turns).

letownia2 the Grappler (Troll Wizard)                Turns: 617, Time: 00:05:22

Health: -3/75      AC:  5    Str: 16    XL:     8   Next: 41%
Magic:  3/13       EV: 10    Int: 16    God:    Gozag
Gold:   1107       SH:  0    Dex:  8    Spells: 6/15 levels left

rFire    . . .     SeeInvis .     - Unarmed
rCold    . . .     Gourm    +   (no shield)
rNeg     . . .     Faith    .   a - +0 robe
rPois    .         Spirit   .   b - +0 hat
rElec    .         Reflect  .   (no cloak)
rCorr    .         Harm     .   (gloves unavailable)
MR       .....     NoTele   +   (boots unavailable)
Stlth    +.........             (no amulet)
HPRegen  0.62/turn              (no ring)
MPRegen  0.13/turn              (no ring)

@: gold aura, drained
A: large, unfitting armour, claws 3, fast metabolism 3, gourmand, regeneration
1, shaggy fur 1, tough skin 2
a: Potion Petition, Call Merchant, Bribe Branch, Renounce Religion


You were in the Dungeon.
You worshipped Gozag.
Gozag was most pleased with you.
You were not hungry.

You visited 1 branch You collected 1107 gold pieces.

Inventory:

Armour
 a - a +0 robe (worn)
 b - a +0 hat (worn)
Magical Staves
 e - an uncursed staff of energy
Scrolls
 j - a scroll of blinking
 l - 3 scrolls of remove curse
 m - 5 scrolls of amnesia
 n - a scroll of summoning
Potions
 f - 6 potions of heal wounds
 g - a potion of haste
 h - 4 potions of magic
 i - 2 potions of berserk rage
 k - 2 potions of invisibility
 o - 5 potions of curing
Books
 c - a book of Minor Magic

   Spells                             Type                      Level
   a - Magic Dart                     Conjuration                  1
   b - Blink                          Translocation                2
   c - Call Imp                       Summoning                    2
   d - Slow                           Hexes                        2
   e - Conjure Flame                  Conjuration/Fire             3
   f - Mephitic Cloud                 Conjuration/Poison/Air       3
Comestibles
 d - 7 rations


   Skills:
 + Level 3.0(2.4) Fighting
 - Level 2.3(1.7) Dodging
 - Level 1.0(0.4) Stealth
 + Level 13.0(12.2) Unarmed Combat
 - Level 4.0(3.4) Spellcasting
 - Level 4.2(3.5) Conjurations
   Level 0.6(0.0) Summonings
 - Level 2.9(2.3) Translocations
 - Level 3.3(2.7) Fire Magic
 - Level 3.0(2.4) Air Magic
 - Level 4.0(3.4) Poison Magic


You had 6 spell levels left.
You knew the following spells:

 Your Spells              Type           Power        Failure   Level  Hunger
a - Magic Dart            Conj           ##..         4%          1    None
b - Blink                 Tloc           N/A          11%         2    ##.....
c - Conjure Flame         Conj/Fire      ##......     14%         3    ###....
e - Mephitic Cloud        Conj/Pois/Air  ##......     16%         3    ###....


Dungeon Overview and Level Annotations

Branches:
Dungeon (1/1)

Altars:
Ashenzari
Cheibriados
Dithmenos
Elyvilon
Fedhas
Gozag
Hepliaklqana
Kikubaaqudgha
Makhleb
Nemelex Xobeh
Okawaru
Qazlal
Ru
Sif Muna
Trog
Uskayaw
Vehumet
Wu Jian
Xom
Yredelemnul
Zin
The Shining One
Beogh
Jiyva
Lugonu


Innate Abilities, Weirdness & Mutations

You are too large for most types of armour.
You have claws for hands.
Your metabolism is lightning-fast.
You like to eat raw meat.
Your natural rate of healing is unusually fast.
You are covered in fur. (AC +1)
You have very tough skin. (AC +2)


Message History

You claw the eidolon!
The eidolon is moderately damaged.
You closely miss the eidolon.
The eidolon is moderately damaged.
The eidolon is engulfed in blazing flames.
The eidolon stares piercingly at you. The bolt of negative energy hits you!
You feel drained.
* * * LOW HITPOINT WARNING * * *
You scratch the eidolon but do no damage.
The eidolon is moderately damaged.
The eidolon is engulfed in blazing flames.
The eidolon closely misses you. The eidolon hits you.
* * * LOW HITPOINT WARNING * * *
Unknown command.
You claw the eidolon!
The eidolon is severely damaged.
The eidolon is engulfed in blazing flames.
The eidolon misses you. The eidolon hits you!
You die...
Your body crumbles into a pile of gold.

#.#...#.#))#####'###
#W#..)'.#))##.......
#.##'####))##.......
#.#.....#[[##.......
#)#.....#)###...<...
#.#........##.......
#.#........##.......
#ยง###########.......
#.W@....# ########
#...#...# #...#...#
#.##.##.# #...#...#
#...#...# #.......'.#
###########


You could see an eidolon.

Vanquished Creatures
  A snapping turtle (D)
  2 blink frogs (D)
  A fire bat (D)
  2 hungry ghosts (D)
  2 floating eyes (D)
  An orc warrior (D)
  4 wights (D)
  An orc priest (D)
  A worker ant (D)
  An adder (D)
  2 river rats (D)
  An ufetubus (D)
  An ooze (D)
  A worm (D)
  A leopard gecko (D)
  2 orcs (D)
  A ball python (D)
25 creatures vanquished.

Vanquished Creatures (collateral kills)
  A blink frog (D)
1 creature vanquished.

Vanquished Creatures (others)
  A hydra (D)
  An adder simulacrum (D)
  A bat simulacrum (D)
3 creatures vanquished.

Grand Total: 29 creatures vanquished

Notes
Turn   | Place    | Note
-------+----------+-------------------------------------------
     0 | D        | letownia2 the Troll Wizard began the quest for the Orb.
     0 | D        | Reached XP level 1. HP: 16/16 MP: 2/2
    14 | D        | Noticed a hungry ghost
    14 | D        | Noticed a snapping turtle
    38 | D        | Killed a hungry ghost
    38 | D        | Reached skill level 9 in Unarmed Combat
    38 | D        | Reached XP level 2. HP: 24/24 MP: 4/4
    38 | D        | Reached XP level 3. HP: 31/31 MP: 5/5
    38 | D        | Reached XP level 4. HP: 39/39 MP: 6/6
    47 | D        | Learned a level 3 spell: Mephitic Cloud
    51 | D        | Learned a level 3 spell: Conjure Flame
    73 | D        | Noticed a floating eye
    77 | D        | Killed a floating eye
    77 | D        | Reached skill level 1 in Air Magic
    77 | D        | Reached skill level 1 in Poison Magic
    77 | D        | Reached XP level 5. HP: 49/49 MP: 7/7
   106 | D        | Found a bloodstained altar of Trog.
   106 | D        | Found a deep blue altar of Sif Muna.
   106 | D        | Found a viscous altar of Jiyva.
   106 | D        | Found a hazy altar of Hepliaklqana.
   106 | D        | Found an opulent altar of Gozag.
   107 | D        | Found a glowing golden altar of the Shining One.
   107 | D        | Found a glowing silver altar of Zin.
   107 | D        | Found a basalt altar of Yredelemnul.
   107 | D        | Found a shimmering altar of Xom.
   107 | D        | Found an ornate altar of the Wu Jian Council.
   107 | D        | Found a sacrificial altar of Ru.
   107 | D        | Found a stormy altar of Qazlal.
   107 | D        | Found an iron altar of Okawaru.
   107 | D        | Found a sparkling altar of Nemelex Xobeh.
   107 | D        | Found a burning altar of Makhleb.
   107 | D        | Found a blossoming altar of Fedhas.
   107 | D        | Found a white marble altar of Elyvilon.
   107 | D        | Found a shadowy altar of Dithmenos.
   107 | D        | Found a snail-covered altar of Cheibriados.
   108 | D        | Found a radiant altar of Vehumet.
   108 | D        | Found a corrupted altar of Lugonu.
   108 | D        | Found a roughly hewn altar of Beogh.
   109 | D        | Found an ancient bone altar of Kikubaaqudgha.
   109 | D        | Found a hide-covered altar of Uskayaw.
   109 | D        | Found a shattered altar of Ashenzari.
   111 | D        | Became a worshipper of Gozag Ym Sagoz the Greedy
   119 | D        | Noticed a floating eye
   121 | D        | Paralysed by a floating eye for 4 turns
   127 | D        | Killed a floating eye
   127 | D        | Reached XP level 6. HP: 59/59 MP: 7/9
   214 | D        | Noticed an orc warrior
   230 | D        | Noticed a fire bat
   231 | D        | Killed an orc warrior
   256 | D        | Reached XP level 7. HP: 34/67 MP: 9/11
   262 | D        | Killed a fire bat
   262 | D        | Reached skill level 10 in Unarmed Combat
   308 | D        | Learned a level 2 spell: Blink
   309 | D        | Reached skill level 11 in Unarmed Combat
   369 | D        | Noticed a hungry ghost
   457 | D        | Noticed a ynoxinul
   499 | D        | Killed a hungry ghost
   499 | D        | Reached skill level 1 in Translocations
   502 | D        | Killed a snapping turtle
   502 | D        | Reached XP level 8. HP: 30/75 MP: 4/13
   556 | D        | Noticed a blink frog
   557 | D        | Noticed a blink frog
   557 | D        | Noticed a blink frog
   561 | D        | Noticed a merfolk impaler
   561 | D        | Noticed an eidolon
   562 | D        | Killed a blink frog
   562 | D        | Reached skill level 12 in Unarmed Combat
   563 | D        | Killed a blink frog
   568 | D        | Killed a blink frog
   568 | D        | Reached skill level 13 in Unarmed Combat
   583 | D        | Killed a five-headed hydra
   617 | D        | Slain by an eidolon

Skill      XL: |  1  2  3  4  5  6  7  8 |
---------------+-------------------------+-----
Unarmed Combat | 9 11 13 | 13.0
Fighting       | 2 3 |  3.0
Conjurations   | 2 3 4 |  4.2
Fire Magic     | 2 3 |  3.3
Air Magic      | 1 2 3 |  3.0
Poison Magic   | 1 2 3 4 |  4.0
Spellcasting   | 3 4 |  4.0
Dodging        | 2 |  2.3
Translocations | 2 |  2.9
Stealth        | |  1.0
Summonings     | |  0.6

Action                   |  1- 3 |  4- 6 |  7- 9 || total
-------------------------+-------+-------+-------++-------
Melee: Unarmed           |     8 |    39 |    40 ||    87
 Cast: Mephitic Cloud    |       |     1 |     3 ||     4
       Blink             |       |       |     5 ||     5
       Conjure Flame     |       |       |     4 ||     4
  Use: Potion            |     1 |       |     1 ||     2
 Stab: Sleeping          |       |     1 |       ||     1
       Confused          |       |       |     1 ||     1
  Eat: Ration            |       |     1 |     2 ||     3
Armor: Robe              |       |     4 |     9 ||    13
Dodge: Dodged            |     2 |     9 |    12 ||    23
